 Dungeon Crawl Stone Soup version 0.18-a0-1637-g109f206 (webtiles) character file.

448 miau the Stinger (level 6, -1/28 HPs)
             Began as a Felid Venom Mage on Mar 25, 2016.
             Slain by a worker ant (7 damage)
             ... on level 6 of the Dungeon on Mar 26, 2016.
             The game lasted 00:36:15 (7056 turns).

miau the Stinger (Felid Venom Mage)                 Turns: 7056, Time: 00:36:15

Health: -1/28      AC:  2    Str:  6    XL:     6   Next: 73%
Magic:  0/13       EV: 19    Int: 17    God:
Gold:   208        SH:  0    Dex: 16    Spells: 2 memorised, 9 levels left
                                        Lives:  0   Deaths: 1

rFire  . . .     SeeInvis +     (weapon unavailable)
rCold  . . .     Gourm    .     (armour unavailable)
rNeg   . . .     Faith    .     (shield unavailable)
rPois  .         Spirit   .     (helmet unavailable)
rElec  .         Dismiss  .     (cloak unavailable)
rCorr  .         Reflect  .     (gloves unavailable)
SustAt .         Harm     .     (boots unavailable)
MR     .....                    (no amulet)
Stlth  +++.......               (no ring)
                                (no ring)

@: quick, not resistant to hostile enchantments, fairly stealthy
A: no armour, no weapons or thrown items, claws 1, fangs 3, see invisible,
carnivore 3, speed 1, shaggy fur 2, slow metabolism 1, sharp paws
a: no special abilities


You were on level 6 of the Dungeon.
You were completely stuffed.

You visited 1 branch of the dungeon, and saw 6 of its levels.

You collected 208 gold pieces.

Inventory:

Scrolls
 c - 2 scrolls of identify
 e - 3 scrolls of fog
 k - 2 scrolls of remove curse
Potions
 d - a potion of flight
 i - a potion of heal wounds
Books
 a - a Young Poisoner's Handbook

   Spells                             Type                      Level
   a - Sting                          Conjuration/Poison           1
   b - Cure Poison                    Poison                       2
   c - Mephitic Cloud                 Conjuration/Poison/Air       3
   d - Olgreb's Toxic Radiance        Poison                       4
   e - Venom Bolt                     Conjuration/Poison           5
 j - a book of Changes

   Spells                             Type                      Level
   a - Beastly Appendage              Transmutation                1
   b - Sticks to Snakes               Transmutation                2
   c - Spider Form                    Transmutation/Poison         3
   d - Ice Form                       Ice/Transmutation            4
   e - Blade Hands                    Transmutation                5
Comestibles
 b - a meat ration
 g - a royal jelly
 h - a beef jerky


   Skills:
 * Level 3.0 Fighting
 + Level 3.8 Dodging
 + Level 3.7 Stealth
 + Level 4.0 Spellcasting
 + Level 2.7 Conjurations
 + Level 0.1 Air Magic
 + Level 4.5 Poison Magic


You had 9 spell levels left.
You knew the following spells:

 Your Spells              Type           Power        Failure   Level  Hunger
m - Mephitic Cloud        Conj/Pois/Air  ##......     17%         3    ###....
z - Sting                 Conj/Pois      ###.         3%          1    None


Dungeon Overview and Level Annotations

Branches:
Dungeon (7/15)
 Temple: D:4-7

Altars:
Dithmenos

Annotations:
D:4 Eustachio


Innate Abilities, Weirdness & Mutations

You cannot wear armour.
You are incapable of wielding weapons or throwing items.
You have sharp claws.
You have razor-sharp teeth.
You have supernaturally acute eyesight.
You are carnivorous and can eat meat at any time.
You cover ground quickly.
You are covered in thick fur (AC +2).
You have a slow metabolism.
Your sharp claws are effective at attacking unaware monsters.


Message History

The sting hits the worker ant.
The worker ant appears unharmed.
The worker ant is heavily wounded.
The worker ant waves its antennae.
The worker ant barely misses you.
You barely miss the worker ant.
The worker ant is heavily wounded.
The worker ant barely misses you.
You barely miss the worker ant.
The worker ant is heavily wounded.
The worker ant barely misses you.
You closely miss the worker ant.
The worker ant is heavily wounded.
The worker ant bites you but does no damage.
You scratch the worker ant but do no damage.
The worker ant is heavily wounded.
The worker ant completely misses you. The worker ant misses you.
You scratch the worker ant but do no damage.
The worker ant is heavily wounded.
The worker ant bites you!
You die...

.. .. #. #.
#. #Z
#.#####
#...@.#
#####a# #.#
#.# #.# #.#
########.##
#>.§..§...#
#o######o.#


You could see a worker ant.

Vanquished Creatures
  An ogre (D:4)
  A slave (D:4)
  The ghost of stickyfingers the Charmwright, a weakling SpSk (D:3)
  An orc priest (D:3)
  A hound (D:7)
  2 orc wizards
  6 worker ants
  6 adders
  4 oozes
  3 worms (D:2)
  2 giant geckos
  4 orcs
  6 bats
  A giant cockroach (D:1)
  12 goblins
  8 hobgoblins
  3 jackals (D:1)
  9 kobolds
  4 ball pythons
  11 giant newts
  6 rats
92 creatures vanquished.

Notes
Turn   | Place    | Note
--------------------------------------------------------------
     0 | D:1      | miau the Felid Venom Mage began the quest for the Orb.
     0 | D:1      | Reached XP level 1. HP: 7/7 MP: 4/4
   936 | D:1      | Reached XP level 2. HP: 11/11 MP: 3/6
  1827 | D:1      | Reached XP level 3. HP: 15/15 MP: 2/7
  2147 | D:1      | Reached skill level 1 in Conjurations
  2516 | D:2      | Learned a level 3 spell: Mephitic Cloud
  2710 | D:2      | Reached skill level 1 in Fighting
  2951 | D:2      | Reached XP level 4. HP: 19/19 MP: 3/8
  4318 | D:3      | Reached XP level 5. HP: 13/22 MP: 1/10
  4343 | D:3      | Noticed stickyfingers's ghost (weakling SpSk)
  4701 | D:3      | Slain by stickyfingers's ghost
  4702 | D:3      | Reached XP level 4. HP: 0/19 MP: 9/9
  4856 | D:3      | Killed stickyfingers's ghost
  4987 | D:3      | Reached XP level 5. HP: 11/22 MP: 1/10
  5429 | D:3      | Upgraded the game from 0.18-a0-1628-g61c6396 to 0.18-a0-1637-g109f206
  5643 | D:4      | Noticed an ogre
  5658 | D:4      | Killed an ogre
  5658 | D:4      | Gained mutation: You are covered in thick fur (AC +2). [Felid growth]
  5658 | D:4      | Reached XP level 6. HP: 27/27 MP: 1/12
  6371 | D:4      | Noticed a slave
  6373 | D:4      | Noticed a slave
  6373 | D:4      | Noticed a slave
  6403 | D:4      | Killed a slave
  6587 | D:4      | Noticed Eustachio
  6717 | D:4      | You fall through a shaft for 3 floors!
  6717 | D:7      | Found a shadowy altar of Dithmenos.
  7056 | D:6      | Slain by a worker ant

Vault maps used:
D:1:      saegor_arrival_simple_b, minmay_misc_feat_four_crosses
D:2:      minmay_lizard_king
D:3:      first_bread
D:4:      hangedman_feature_mirror, minmay_box_of_dots, uniq_eustachio,
          uniq_edmund, uniq_pikel
D:6:      lemuel_doored_altar, serial_shops, nicolae_shop_behind_doors,
          grunt_potential, uniq_menkaure
D:7:      nicolae_dithmenos_through_a_glass_darkly

Skill      XL: |  1  2  3  4  5  6 |
---------------+-------------------+-----
Dodging        | 3 |  3.8
Poison Magic   | 4 |  4.5
Conjurations   | 1 2 |  2.7
Fighting       | 1 2 3 |  3.0
Stealth        | 3 |  3.7
Spellcasting   | 3 4 |  4.0
Air Magic      | |  0.1

Action                   |  1- 3 |  4- 6 || total
-------------------------+-------+-------++-------
Melee: Unarmed           |    22 |    60 ||    82
 Cast: Sting             |   108 |   216 ||   324
       Mephitic Cloud    |       |     5 ||     5
  Use: Potion            |     6 |     3 ||     9
       Scroll            |     6 |     3 ||     9
  Eat: Chunk             |    13 |    15 ||    28
